 Dungeon Crawl Stone Soup version 5.6-49-g8abd877 (webtiles) character file.

32 rednecknazgul the Changer (level 4, 37/37 HPs)
             Began as a Gnoll Transmuter on Dec 18, 2018.
             Quit the game on level 2 of the Dungeon.
             The game lasted 00:01:40 (809 turns).

rednecknazgul the Changer (Gnoll Transmuter)         Turns: 809, Time: 00:01:41

Health: 37/37      AC:  2 (0%)Str: 10   XL:     4   Next: 1%
Magic:  4/4        EV: 24    Int: 14    God:
Gold:   96         SH:  0    Dex: 18    Spells: 4/8 levels left

rFire    . . .     SeeInvis .     - Unarmed
rCold    . . .     Faith    .   (shield currently unavailable)
rNeg     . . .     Spirit   .   (armour currently unavailable)
rPois    x         Reflect  .   (helmet currently unavailable)
rElec    .                      (cloak currently unavailable)
rCorr    .                      (gloves currently unavailable)
MR       .....                  (boots currently unavailable)
Stlth    ++........             (no amulet)
Regen    0.2/turn               f - +3 ring of slaying
MPRegen  0.2/turn               (no ring)

@: spider-form
A: no striking features
a: End Transformation


You were on level 2 of the Dungeon.
You were not hungry.
You were a venomous arachnid creature.
You visited 1 branch of the dungeon, and saw 2 of its levels.

You collected 96 gold pieces.

Inventory:

Armour
 a - a +0 robe (melded)
Jewellery
 f - a +3 ring of slaying (left front leg)
Scrolls
 b - a scroll of magic mapping
 e - a scroll of teleportation
Potions
 c - a potion of cancellation
 d - a potion of mutation
 g - 2 potions of magic


   Skills:
 + Level 4.0 Fighting
 + Level 2.5 Blades
 + Level 2.5 Axes
 + Level 2.5 Maces & Staves
 + Level 2.5 Polearms
 + Level 2.5 Bows & Xbows
 + Level 2.5 Throwing
 + Level 2.5 Armour
 + Level 5.5 Dodging
 + Level 2.5 Stealth
 + Level 2.5 Shields
 + Level 6.9 Unarmed Combat
 + Level 2.5 Hexes
 + Level 2.5 Charms
 + Level 2.5 Summonings
 + Level 2.5 Necromancy
 + Level 2.5 Translocations
 + Level 6.9 Transmutations
 + Level 2.5 Fire Magic
 + Level 2.5 Ice Magic
 + Level 2.5 Air Magic
 + Level 2.5 Earth Magic
 + Level 2.5 Invocations
 + Level 2.5 Evocations


You had 4 spell levels left.
You knew the following spells:

 Your Spells              Type           Power        Failure   Level  Hunger
a - Beastly Appendage     Tmut           19 (50)      1%          1    N/A
b - Spider Form           Tmut           19 (200)     5%          3    N/A

Your spell library contained the following spells:

 Spells                   Type           Power        Failure   Level  Hunger
 Blade Hands              Tmut           19 (200)     43%         5    N/A
 Ice Form                 Ice/Tmut       13 (100)     38%         4    N/A
 Passwall                 Tmut/Erth      13 (200)     6%          2    N/A

Dungeon Overview and Level Annotations

Branches:
Dungeon (2/15)

Altars:
Vehumet


Message History

The adder is almost dead.
You kill the adder!
No target in view!
No target in view!
No target in view!
You now have 94 gold pieces (gained 5).
You now have 96 gold pieces (gained 2).
A hobgoblin comes into view. It is wielding a +0 dagger.
Found a +0 leather armour.
The helpless hobgoblin fails to defend itself.
You hit the hobgoblin (4).
The hobgoblin is almost dead.
The hobgoblin completely misses you.
You bite the hobgoblin (10)!
You kill the hobgoblin!
You have reached level 4!
An adder comes into view.
A hobgoblin comes into view. It is wielding a +0 dagger.
You see here a scroll of teleportation.
Are you sure you want to abandon this character and quit the game? (Confirm with "yes".)

... ...## ##.......#
#........# .........#
......# .#Sg #[...#
####...# #.#.#####s...#
#)...#...[#### ###....####
###.#..# #......#
########.#..#.##
....)....##.#..#
...#...#.##..#.###########
.........###.....#.......#


You could see an adder (sleeping) and a hobgoblin (sleeping).

Vanquished Creatures
  An adder (D:2)
  4 quokkas
  7 bats
  4 giant cockroaches (D:1)
  4 goblins
  4 hobgoblins
  3 jackals (D:2)
  5 kobolds
  5 frilled lizards
  4 rats (D:1)
41 creatures vanquished.

Notes
Turn   | Place    | Note
-------+----------+-------------------------------------------
     0 | D:1      | rednecknazgul the Gnoll Transmuter began the quest for the Orb.
     0 | D:1      | Reached XP level 1. HP: 17/17 MP: 2/2
    82 | D:1      | Reached XP level 2. HP: 16/23 MP: 2/2
   323 | D:1      | Reached XP level 3. HP: 29/29 MP: 4/4
   585 | D:1      | Learned a level 3 spell: Spider Form
   651 | D:2      | Found a faded altar of an unknown god.
   766 | D:2      | Found a radiant altar of Vehumet.
   801 | D:2      | Reached XP level 4. HP: 37/37 MP: 4/4
   809 | D:2      | Quit the game

Action                   |  1- 3 |  4- 6 || total
-------------------------+-------+-------++-------
Melee: Unarmed           |    91 |       ||    91
       Kick              |    11 |       ||    11
 Cast: Beastly Appendage |     1 |       ||     1
       Spider Form       |     1 |       ||     1
 Stab: Sleeping          |     9 |       ||     9
Armor: Robe              |    13 |       ||    13
       Skin              |     4 |       ||     4
Dodge: Dodged            |    85 |       ||    85
